 Dungeon Crawl Stone Soup version 0.28-a0-915-gcd63401287 (webtiles) character file.

Game seed: 4835574944468233864

149 mcbry74 the Slasher (level 5, -8/45 HPs)
             Began as a Minotaur Fighter on Nov 25, 2021.
             Mangled by a small abomination (16 damage)
             ... on level 3 of the Dungeon.
             The game lasted 00:05:48 (1799 turns).

mcbry74 the Slasher (Minotaur Fighter)              Turns: 1799, Time: 00:05:49

Health: -8/45      AC:  6    Str: 22    XL:     5   Next: 9%
Magic:  4/4        EV:  9    Int:  5    God:
Gold:   84         SH:  4    Dex:  9    Spells: 4/4 levels left

rFire   . . .      SeeInvis .   a - +0 long sword
rCold   . . .      Faith    .   c - +0 buckler
rNeg    . . .      Spirit   .   b - +0 scale mail
rPois   .          Reflect  .   (helmet restricted)
rElec   .          Harm     .   (no cloak)
rCorr   .          Rampage  .   (no gloves)
Will    .....                   (no boots)
Stlth   ..........              (no amulet)
HPRegen 0.15/turn               (no ring)
MPRegen 0.09/turn               (no ring)

@: no status effects
A: horns 2, retaliatory headbutt
a: no special abilities


You were on level 3 of the Dungeon.
You visited 1 branch of the dungeon, and saw 3 of its levels.

You collected 84 gold pieces.

Inventory:

Hand Weapons
 a - a +0 long sword (weapon)
 p - a +0 rapier of distortion
Armour
 b - a +0 scale mail (worn)
 c - a +0 buckler (worn)
Jewellery
 g - a ring of flight
Scrolls
 e - a scroll of noise {unknown}
 f - a scroll of blinking {unknown}
 i - a scroll of identify {unknown}
 j - a scroll of teleportation {unknown}
 k - a scroll of fear {unknown}
Potions
 d - a potion of invisibility {unknown}
 h - a potion of haste {unknown}
 l - a potion of might
 m - 2 potions of degeneration {unknown}
 n - 2 potions of cancellation {unknown}
 o - a potion of brilliance {unknown}


   Skills:
 - Level 3.6 Fighting
 + Level 6.4 Long Blades
 - Level 3.6 Armour
 - Level 3.6 Shields


You had 4 spell levels left.
You didn't know any spells.
Your spell library contained the following spells:

 Spells                   Type           Power      Damage    Failure   Level
 Passwall                 Tmut/Erth      0%         N/A       91%         2
 Swiftness                Air            0%         N/A       99%         3


Dungeon Overview and Level Annotations

Branches:
Dungeon (3/15)

Altars:

Portals:
Abyss: D:3

Annotations:
D:3 1 transporter, ThereIsNoGod's ghost, amateur OpFi


Innate Abilities, Weirdness & Mutations

You have a pair of horns on your head.
You reflexively headbutt those who attack you in melee.


Message History

You closely miss the kobold. You headbutt the kobold.
The kobold is moderately wounded.
The kobold hits you with a +0 rapier of distortion.
Space warps around you.
You slash the kobold!
You kill the kobold!
You see here a +0 rapier of distortion.
p - a +0 rapier of distortion
Found a one-way gate to the infinite horrors of the Abyss.
Found a transporter.
There is a one-way gate to the infinite horrors of the Abyss here.
The small abomination hits you!
You barely miss the small abomination.
Your headbutt misses the small abomination.
The small abomination closely misses you.
You slash the small abomination!
Your headbutt misses the small abomination.
The small abomination is moderately damaged.
The small abomination hits you.
The small abomination barely misses you.
You furiously retaliate!
You headbutt the small abomination. You hit the small abomination.
The small abomination is heavily damaged.
The white imp enters a dispersal trap!
The small abomination blinks! x2
You blink.
The small abomination hits you!
You hit the small abomination but do no damage.
You headbutt the small abomination, but do no damage.
The small abomination is heavily damaged.
The small abomination hits you!
* * * LOW HITPOINT WARNING * * *
The small abomination completely misses you.
You slash the small abomination!
The small abomination is almost destroyed.
The small abomination hits you.
* * * LOW HITPOINT WARNING * * *
The small abomination closely misses you.
You barely miss the small abomination.
The small abomination is almost destroyed.
The small abomination hits you!
You die...

..# #...#5##..##..####
..## #...#W.#..#©.....##
...####..##.##..##.#..#.#
.........#..##...#####.#
.........#...##....##∩##
.........##..x###.##..#
......#...# #..5###..#.#
(...###.....
#x$..#..©#©.. ....#
#....## #@#.^##.##...
###.. #...## #.....## ##
..# ##. ...##.^.####.# ##
. #.## #..##.. #... ##.
.... # ..... ......


You could see a small abomination and a white imp.

Vanquished Creatures
  An ogre (D:2)
  2 adders
  2 dart slugs
  3 ball pythons
  5 bats
  3 endoplasms
  5 giant cockroaches
  A goblin (D:2)
  8 hobgoblins
  3 quokkas
  3 frilled lizards
  4 kobolds
  7 rats
47 creatures vanquished.

Notes
Turn   | Place    | Note
-------+----------+-------------------------------------------
     0 | D:1      | mcbry74 the Minotaur Fighter began the quest for the Orb.
     0 | D:1      | Reached XP level 1. HP: 19/19 MP: 0/0
   151 | D:1      | Reached skill level 3 in Long Blades
   197 | D:1      | Reached XP level 2. HP: 26/26 MP: 1/1
   862 | D:2      | Noticed an ogre
   866 | D:2      | Killed an ogre
   867 | D:2      | Reached skill level 5 in Long Blades
   867 | D:2      | Reached XP level 3. HP: 31/31 MP: 2/2
   867 | D:2      | Reached XP level 4. HP: 39/39 MP: 3/3
  1000 | D:2      | Reached skill level 6 in Long Blades
  1531 | D:3      | Reached XP level 5. HP: 45/45 MP: 4/4
  1746 | D:3      | Found a transporter.
  1752 | D:3      | Noticed ThereIsNoGod's ghost (amateur OpFi)
  1757 | D:3      | Noticed a small abomination
  1763 | D:3      | Noticed a small abomination
  1786 | D:3      | Found a one-way gate to the infinite horrors of the Abyss.
  1787 | D:3      | Found a transporter.
  1799 | D:3      | Mangled by a small abomination

Illustrated notes

Levels and vault maps discovered:
D:1:      minmay_arrival_diagonal_passages, layout_basic,
          kennysheep_minor_cross, kennysheep_small_spiral
D:2:      layout_rooms, minmay_liquid_box, minmay_hexomino_f4
D:3:      layout_basic, chequers_ecumenical_altar_twisty,
          gammafunk_ghost_abyssal_escape

Skill      XL: |  1  2  3  4 |
---------------+-------------+-----
Long Blades    | 3 5 6 |  6.4
Fighting       | |  3.6
Armour         | |  3.6
Shields        | |  3.6

Action                   |  1- 3 |  4- 6 || total
-------------------------+-------+-------++-------
Melee: Long sword        |    24 |    67 ||    91
       Headbutt          |     4 |    13 ||    17
  Use: Potion            |     1 |       ||     1
Armor: Scale mail        |     5 |    21 ||    26
Dodge: Dodged            |    11 |    28 ||    39
Block: Buckler           |     4 |    11 ||    15

Table legend: (Time is in decaauts)
 A = Elapsed time spent in this place.
 B = Non-inter-level travel time spent in this place.
 C = Inter-level travel time spent in this place.
 D = Time resting spent in this place.
 E = Time spent auto-exploring this place.
 F = Levels seen in this place.
 G = Mean time per level.
                   A        B        C        D        E       F      G
               +--------+--------+--------+--------+--------+-----+--------+
         Total |   1812 |   1795 |     17 |    211 |   1284 |   3 |  604.0 |
       Dungeon |   1812 |   1795 |     17 |    211 |   1284 |   3 |  604.0 |
               +--------+--------+--------+--------+--------+-----+--------+

Top non-repeatable levels by time:
     D:1: 847 daAuts
     D:2: 595 daAuts
     D:3: 369 daAuts
